 Dungeon Crawl Stone Soup version 0.28.0-53-g5a82cb258f (webtiles) character file.

Game seed: 10961798273331535209

63 PentaManta the Vexing (level 4, 0/24 HPs)
             Began as a Kobold Enchanter on June 17, 2022.
             Slain by Grinder (9 damage)
             ... on level 3 of the Dungeon.
             The game lasted 00:03:32 (1554 turns).

PentaManta the Vexing (Kobold Enchanter)            Turns: 1554, Time: 00:03:32

Health: 0/24       AC:  5    Str:  5    XL:     4   Next: 31%
Magic:  5/8        EV: 15    Int: 16    God:
Gold:   66         SH:  0    Dex: 17    Spells: 0/8 levels left

rFire   . . .      SeeInvis .   a - +1 dagger
rCold   . . .      Faith    .   (no shield)
rNeg    . . .      Spirit   .   b - +0 robe
rPois   .          Reflect  .   h - +0 helmet
rElec   .          Harm     .   d - +0 cloak
rCorr   .          Rampage  .   (no gloves)
Will    .....                   l - +0 pair of boots
Stlth   ++++......              (no amulet)
HPRegen 0.08/turn               (no ring)
MPRegen 0.11/turn               (no ring)

@: no status effects
A: small, no large weapons, nightstalker 3
a: no special abilities


You were on level 3 of the Dungeon.
You visited 1 branch of the dungeon, and saw 3 of its levels.

You collected 66 gold pieces.

Inventory:

Hand Weapons
 a - a +1 dagger (weapon)
 n - a +0 rapier
 p - a +0 short sword
Missiles
 m - 5 poisoned darts (quivered)
Armour
 b - a +0 robe (worn)
 d - a +0 cloak (worn)
 h - a +0 helmet (worn)
 k - a +0 ring mail
 l - a +0 pair of boots (worn)
 o - a +0 leather armour
Scrolls
 f - 2 scrolls of vulnerability {unknown}
 i - 4 scrolls of identify {unknown}
Potions
 c - a potion of invisibility
 e - a potion of might {unknown}
 g - a potion of berserk rage {unknown}


   Skills:
 - Level 1.3 Short Blades
 - Level 2.4 Dodging
 - Level 4.0 Stealth
 + Level 2.9 Spellcasting
 + Level 4.4 Hexes


You couldn't memorise any spells.
You knew the following spells:

 Your Spells              Type           Power      Damage    Failure   Level
a - Ensorcelled Hibernat  Hex/Ice        18%        N/A       12%         2
b - Tukima's Dance        Hex            16%        N/A       9%          3
c - Confusing Touch       Hex            16%        N/A       9%          3

Your spell library contained the following spells:

 Spells                   Type           Power      Damage    Failure   Level
 Dazzling Flash           Conj/Hex       18%        N/A       22%         3


Dungeon Overview and Level Annotations

Branches:
Dungeon (3/15)

Altars:
Vehumet

Annotations:
D:3 Grinder


Innate Abilities, Weirdness & Mutations

You are small and have problems with some larger weapons.
You are completely attuned to the shadows.


Message History

Aim: Grinder (55% to hit)
You throw a boomerang of dispersal.
The boomerang of dispersal hits Grinder but does no damage.
Grinder blinks!
Cast which spell? (? or * to list)
Okay, then.
Throw: boomerang (disperse)
Press: ? - help, Q - select action, (/) - cycle Shift-Dir - straight line, f/p - Grinder
Aim: Grinder (55% to hit)
You throw a boomerang of dispersal.
The boomerang of dispersal hits Grinder.
Grinder blinks!
Grinder blinks!
You hit Grinder.
Grinder is lightly wounded.
Unknown command.
Cast which spell? (? or * to list)
The spell is quite dangerous to miscast (9% risk of failure)!
Continue anyway?
Okay, then.
Casting: Tukima's Dance (quite dangerous; 9% risk of failure)
Confirm with . or Enter, or press ? or * to list all spells.
The spell is quite dangerous to miscast (9% risk of failure)!
Continue anyway?
Aiming: Tukima's Dance (quite dangerous; 9% risk of failure)
Press: ? - help, Shift-Dir - straight line, f/p - Grinder
Aim: Grinder (lightly wounded, not susceptible)
Okay, then.
Casting: Tukima's Dance (quite dangerous; 9% risk of failure)
Confirm with . or Enter, or press ? or * to list all spells.
The spell is quite dangerous to miscast (9% risk of failure)!
Continue anyway?
Your hands begin to glow red.
Grinder hits you but does no damage.
You hit Grinder but do no damage.
Grinder is lightly wounded.
Grinder hits you but does no damage.
You hit Grinder but do no damage.
Grinder is lightly wounded.
Grinder closely misses you.
You hit Grinder but do no damage.
Grinder appears confused.
Grinder is lightly wounded.
Grinder hits you!
You die...

#.# #.# ... #.#.#
####.#### #.#.#
......... #.#.# #.#
####.#.# #.# #......#
#.## #.##.### #..#
#.##.## ##@#
#######.#.#.##
####5###...>....###.#
.........#####.## ##.
####.##### #..###.#
#.# #.#.#... #.#
#.##.### #.# #.#### #
#.###### #.#.....


You could see Grinder (confused).

Vanquished Creatures
  4 adders (D:2)
  5 endoplasms
  3 giant cockroaches
  A hobgoblin (D:2)
  A quokka (D:1)
  4 ball pythons
  2 bats
  3 goblins (D:2)
  2 kobolds
  3 rats
28 creatures vanquished.

Notes
Turn   | Place    | Note
-------+----------+-------------------------------------------
     0 | D:1      | PentaManta the Kobold Enchanter began the quest for the
                  | Orb.
     0 | D:1      | Reached XP level 1. HP: 10/10 MP: 3/3
    96 | D:1      | Reached XP level 2. HP: 15/15 MP: 5/5
    99 | D:1      | Found a faded altar of an unknown god.
   579 | D:2      | Reached XP level 3. HP: 19/19 MP: 6/6
   636 | D:2      | Found a radiant altar of Vehumet.
  1103 | D:2      | Reached XP level 4. HP: 24/24 MP: 8/8
  1106 | D:2      | Learned a level 2 spell: Ensorcelled Hibernation
  1110 | D:2      | Learned a level 3 spell: Tukima's Dance
  1114 | D:2      | Learned a level 3 spell: Confusing Touch
  1540 | D:3      | Noticed Grinder
  1554 | D:3      | Slain by Grinder

Illustrated notes

Levels and vault maps discovered:
D:1:      dpeg_arrival_stonehenge_8_columns, layout_rooms,
          ebering_ecumenical_altar_box, minmay_pentomino_o2
D:2:      layout_rooms, basic_altar
D:3:      layout_loops_ring, minmay_misc_feat_cross, uniq_grinder

Skill      XL: |  1  2  3 |
---------------+----------+-----
Hexes          | 4 |  4.4
Short Blades   | |  1.3
Dodging        | |  2.4
Stealth        | |  4.0
Spellcasting   | |  2.9

Action                   |  1- 3 |  4- 6 || total
-------------------------+-------+-------++-------
Melee: Dagger            |    64 |    29 ||    93
       Punch             |     1 |     1 ||     2
Throw: Boomerang         |       |     2 ||     2
 Cast: Confusing Touch   |       |     1 ||     1
 Stab: Sleeping          |    12 |     4 ||    16
Armor: Robe              |    11 |     9 ||    20
Dodge: Dodged            |    43 |    16 ||    59
